Map: Nightshade LE

Players

lllllllllll (sOs) - Winner!

  • Race: Protoss Protoss
  • League: Grandmaster
  • Spawn Location: 5:00

RiSky

  • Race: Zerg Zerg
  • Spawn Location: 11:00

VOD

Have the link to the VOD?

Description

Time

  • Played on: Jan. 15, 2020, 5:31 a.m.
  • Length: 10:35
Show
View Real Time Build Order
Export as new Build Order

lllllllllll Protoss - Winner!

Build Orders: 1 Gate Expand, Mass Adepts 

Get SALT Encoding   

  12  0:00  Probe  
  13  0:14  Pylon  
  13  0:17  Probe (Chrono Boost)  
  14  0:26  Probe (Chrono Boost)  
  15  0:34  Gateway  
  15  0:38  Probe  
  16  0:47  Assimilator  
  16  0:50  Probe  
  17  1:03  Probe  
  18  1:15  Probe  
  19  1:22  Cybernetics Core  
  19  1:32  Nexus  
  19  1:35  Probe  
  20  1:40  Pylon  
  21  1:47  Probe  
  21  1:51  Assimilator  
  21  1:57  Adept (Chrono Boost)  
  21  1:59  Probe  
  24  2:06  Warp Gate (Chrono Boost)  
  24  2:12  Probe  
  25  2:20  Adept  
  27  2:24  Probe  
  28  2:32  Gateway  
  28  2:39  Gateway  
  28  2:41  Probe (Chrono Boost)  
  29  2:47  Probe (Chrono Boost)  
  29  2:50  Stalker  
  32  2:56  Probe (Chrono Boost)  
  34  2:59  Probe (Chrono Boost)  
  34  3:04  Probe (Chrono Boost)  
  36  3:05  Probe (Chrono Boost)  
  36  3:09  Probe (Chrono Boost)  
  37  3:13  Probe  
  37  3:18  Pylon  
  38  3:21  Probe  
  38  3:26  Probe  
  40  3:28  Twilight Council  
  40  3:41  Probe x2  
  40  3:47  Adept x3  
  47  3:50  Pylon  
  47  3:53  Probe x2  
  49  3:57  Resonating Glaives (Chrono Boost)  
  49  4:07  Adept  
  49  4:08  Adept x2  
  55  4:10  Probe  
  58  4:25  Pylon  
  56  4:31  Adept x3  
  56  4:36  Assimilator  
  62  4:38  Assimilator  
  62  4:40  Pylon  
  62  4:43  Probe x2  
  64  4:53  Pylon  
  64  5:02  Robotics Facility  
  64  5:04  Adept x3  
  64  5:05  Probe x2  
  72  5:09  Shield Battery  
  72  5:15  Pylon  
  72  5:18  Robotics Facility  
  72  5:20  Probe x2  
  74  5:24  Sentry  
  74  5:25  Pylon  
  74  5:27  Adept  
  78  5:34  Probe x2  
  70  5:53  Sentry, Shield Battery  
  70  5:54  Sentry x2  
  70  5:55  Shield Battery  
  80  5:58  Immortal (Chrono Boost)  
  80  5:59  Shield Battery  
  78  6:09  Pylon  
  82  6:12  Immortal (Chrono Boost)  
  80  6:28  Immortal (Chrono Boost)  
  78  6:34  Shield Battery  
  78  6:37  Sentry  
  78  6:38  Adept, Sentry  
  84  6:43  Immortal (Chrono Boost)  
  84  6:45  Phoenix  
  88  6:52  Gateway  
  88  6:53  Gateway  
  86  6:55  Gateway  
  86  6:56  Shield Battery x2  
  86  7:07  Adept  
  86  7:08  Adept  
  94  7:14  Gateway, Immortal (Chrono Boost)  
  94  7:16  Gateway  
  94  7:22  Observer (Chrono Boost)  
  95  7:30  Gateway  
  95  7:42  Sentry x2  
  99  7:45  Warp Prism (Chrono Boost)  
  99  7:47  Nexus  
  105  7:54  Pylon, Immortal (Chrono Boost)  
  105  7:58  Sentry  
  105  7:59  Sentry  
  105  8:04  Pylon  
  109  8:12  Adept x3  
  115  8:16  Nexus  
  103  8:45  Adept x8  
  119  8:59  Pylon  
  119  9:00  Pylon  
  111  9:29  Adept x2, Sentry x3  
  111  9:30  Adept x3  
  123  9:49  Immortal x2 (Chrono Boost)  
  131  9:54  Observer  
  123  10:07  Adept  
  123  10:08  Adept x7  
  123  10:12  Probe x3  
Show
View Real Time Build Order
Export as new Build Order

RiSky Zerg 

Build Orders: Hatch First 

Get SALT Encoding   

  12  0:00  Drone  
  13  0:12  Overlord  
  13  0:17  Drone  
  14  0:30  Drone x2  
  16  0:45  Drone x2  
  18  0:54  Hatchery  
  17  0:58  Drone  
  17  1:00  Extractor  
  17  1:13  Spawning Pool  
  17  1:17  Drone  
  17  1:20  Drone  
  18  1:27  Drone  
  19  1:38  Overlord  
  19  1:49  Drone  
  20  2:00  Queen  
  20  2:01  Zergling x2  
  23  2:05  Queen, Metabolic Boost  
  25  2:09  Zergling x2  
  25  2:14  Drone  
  27  2:19  Drone  
  27  2:22  Drone  
  29  2:36  Hatchery  
  27  2:44  Drone  
  27  2:48  Zergling x4  
  30  2:52  Overlord  
  30  2:54  Zergling x4  
  32  3:06  Spore Crawler  
  32  3:09  Overlord  
  32  3:15  Drone  
  32  3:16  Drone x2  
  32  3:19  Drone x3  
  37  3:22  Drone  
  38  3:32  Drone  
  38  3:34  Drone  
  40  3:38  Drone  
  40  3:39  Roach Warren  
  39  3:47  Drone  
  40  3:48  Drone x7  
  40  3:52  Drone  
  48  3:56  Zergling x2  
  48  3:58  Zergling x2  
  50  4:04  Overlord  
  50  4:06  Extractor x2  
  50  4:08  Zergling x2  
  49  4:10  Evolution Chamber  
  49  4:14  Zergling x4  
  50  4:17  Zergling x6  
  53  4:26  Roach x3  
  59  4:31  Roach x3  
  59  4:36  Overlord  
  65  4:43  Overlord  
  65  4:45  Overlord  
  65  4:51  Roach  
  65  4:59  Roach x3  
  69  5:00  Roach x2  
  69  5:02  Overlord  
  73  5:09  Roach x2  
  73  5:12  Zergling x6  
  80  5:15  Roach  
  80  5:19  Roach  
  84  5:22  Roach  
  84  5:23  Zergling x2  
  84  5:27  Zergling x4  
  89  5:31  Zergling x4  
  89  5:35  Zergling x6  
  89  5:40  Zergling x4  
  88  5:43  Zergling x2  
  88  5:47  Zergling x2  
  84  5:54  Lair  
  84  5:55  Drone  
  84  5:56  Drone  
  86  5:59  Drone  
  87  6:04  Spore Crawler  
  87  6:11  Ravager x5  
  87  6:12  Ravager  
  87  6:15  Overlord  
  87  6:16  Drone  
  93  6:18  Drone  
  93  6:19  Drone  
  93  6:20  Drone  
  93  6:22  Drone  
  93  6:24  Drone  
  97  6:28  Drone  
  97  6:29  Drone  
  97  6:31  Drone  
  95  6:34  Drone x2  
  95  6:35  Drone  
  95  6:38  Ravager  
  95  6:50  Drone x2  
  95  6:52  Drone x2  
  95  6:53  Drone x4  
  99  7:02  Glial Reconstitution, Overseer  
  99  7:05  Roach x2  
  105  7:08  Roach  
  105  7:09  Overlord x2  
  105  7:13  Extractor, Queen  
  106  7:21  Overlord  
  106  7:26  Overlord x2  
  106  7:30  Roach x3  
  106  7:33  Roach  
  114  7:37  Overlord  
  114  7:40  Roach  
  114  7:41  Roach x2  
  114  7:43  Ravager x2  
  122  7:48  Roach x2  
  126  7:53  Roach x2  
  126  7:56  Zergling x6  
  126  7:57  Zergling x2  
  126  7:58  Extractor  
  132  8:01  Roach x3  
  132  8:03  Roach  
  140  8:08  Roach x2  
  144  8:14  Overlord  
  144  8:18  Overlord  
  144  8:20  Roach  
  143  8:29  Overlord  
  143  8:32  Roach x2  
  138  8:37  Roach  
  138  8:38  Roach x8  
  133  8:45  Zergling x2  
  130  8:54  Roach x2  
  131  8:57  Roach  
  131  8:59  Ravager x2  
  131  9:02  Roach x2  
  139  9:10  Roach x2  
  139  9:15  Roach  
  133  9:27  Roach x3  
  133  9:28  Roach x3  
  133  9:35  Roach  
  135  9:43  Ravager x3  
  138  9:46  Zergling x4  
  136  9:55  Roach  
  136  9:58  Roach  
  112  10:00  Roach  
  108  10:10  Zergling x4  
  107  10:17  Zergling x2  
  107  10:18  Roach Warren  
  107  10:24  Hatchery  
Tags
 
Add a new tag
Caveats
  • Supply blocks, unpowered buildings, or Contaminate may cause inaccurate times.
  • Supply counts are checked every 10 seconds.